 Dungeon Crawl Stone Soup version 0.24.0-123-gd5b16e6ec5 (webtiles) character file.

Game seed: 11435258429301974134, levelgen mode: deterministic

1545 Curus the Carver (level 8, -1/63 HPs)
             Began as a Green Draconian Berserker on Feb 4, 2020.
             Was an Elder of Trog.
             Slain by a worker ant (7 damage)
             ... on level 7 of the Dungeon.
             The game lasted 00:21:25 (4745 turns).

Curus the Carver (Green Draconian Berserker)        Turns: 4745, Time: 00:21:25

Health: -1/63      AC:  6    Str: 19    XL:     8   Next: 56%
Magic:  8/8        EV: 13    Int:  9    God:    Trog [****..]
Gold:   375        SH:  3    Dex: 12    Spells: 7/7 levels left

rFire    . . .     SeeInvis .   n - +1 scimitar
rCold    . . .     Gourm    .   (no shield)
rNeg     . . .     Faith    .   (armour unavailable)
rPois    +         Spirit   .   (helmet restricted)
rElec    .         Reflect  +   (no cloak)
rCorr    +         Harm     .   (no gloves)
MR       .....                  (no boots)
Stlth    +.........             o - +3 amulet of reflection
HPRegen  0.20/turn              m - ring of resist corrosion
MPRegen  0.11/turn              (no ring)

@: berserk cooldown, slowed, very slow
A: breathe noxious fumes, unfitting armour, horns 1, deterioration 1, poison
resistance, cold-blooded, AC +6
a: Breathe Noxious Fumes, Berserk, Trog's Hand, Brothers in Arms, Renounce
Religion


You were on level 7 of the Dungeon.
You worshipped Trog.
Trog was greatly pleased with you.
You were very hungry.

You visited 1 branch of the dungeon, and saw 7 of its levels.
You also visited: Ossuary.

You collected 375 gold pieces.

Inventory:

Hand Weapons
 a - a +4 falchion
 n - a +1 scimitar (weapon)
Jewellery
 e - an uncursed amulet of the acrobat
 m - a ring of resist corrosion (left hand)
 o - a +3 amulet of reflection (around neck)
Wands
 i - a wand of iceblast (8)
 r - a wand of enslavement (7)
Scrolls
 c - 2 scrolls of amnesia
 g - 6 scrolls of identify
 h - 2 scrolls of remove curse
 l - 2 scrolls of teleportation
Potions
 d - 8 potions of curing
 f - 4 potions of heal wounds
 j - 9 potions of degeneration
 k - 4 potions of mutation
 p - a potion of magic
Comestibles
 b - 14 rations


   Skills:
 - Level 3.2 Fighting
 + Level 11.1 Long Blades
 - Level 2.6 Dodging


You had 7 spell levels left.
You didn't know any spells.
Your spell library was empty.

Dungeon Overview and Level Annotations

Branches:
Dungeon (7/15)             Temple (0/1) D:7         Ossuary (visited)

Altars:
Fedhas
Kikubaaqudgha
Nemelex Xobeh
Uskayaw
Zin
The Shining One

Shops:
D:2 *


Innate Abilities, Weirdness & Mutations

You can breathe blasts of noxious fumes.
Your lurid green scales are hard. (AC +6)
You cannot fit into any form of body armour.
Your system is resistant to poisons. (rPois)
You are cold-blooded and may be slowed by cold attacks.
You have a pair of small horns on your head.
Your body sometimes deteriorates upon taking damage.


Message History

The worker ant twitches its antennae in your direction.
You slash the orc!
You kill the orc!
Trog accepts your kill.
You closely miss the worker ant. You headbutt the worker ant.
The worker ant is moderately wounded.
The worker ant bites you.
* * * LOW HITPOINT WARNING * * *
The worker ant bites you.
* * * LOW HITPOINT WARNING * * *
You barely miss the worker ant. You headbutt the worker ant.
The worker ant is heavily wounded.
The worker ant bites you.
* * * LOW HITPOINT WARNING * * *
You closely miss the worker ant.
The worker ant is heavily wounded.
The worker ant bites you.
* * * LOW HITPOINT WARNING * * *
The worker ant bites you!
You die...

#..#. ..####..#.#.#
...#... #....#...#.>.#..
.......##.##....#.#.#.#.
##........##.....#.#.#..
.....#....#.......#.#. .
.................... ..
#.......#.†.##..##.#..
##...........#......##
##...##....a@.)......
##.#..##)).##.....###
#..#..##..###.....#
###.##..##..# #.....#
#<..#........ #######
#.###........o ##.#
.....##... ##..# ....#
.## ..)<# [


You could see a worker ant.

Vanquished Creatures
  2 orc warriors
  An ice beast (D:5)
  An ogre (D:5)
  A big kobold (D:7)
  A bullfrog (D:6)
  2 scorpions
  A howler monkey (D:5)
  A human zombie (Ossuary)
  2 crimson imps
  A jelly (D:5)
  4 orc priests
  A centaur zombie (D:6)
  3 hounds
  A bullfrog skeleton (D:5)
  A centaur skeleton (D:7)
  An orc wizard (D:3)
  3 iguanas
  3 worker ants
  A killer bee zombie (D:6)
  A hound skeleton (D:6)
  4 mummies
  8 adders
  A gnoll (D:2)
  A worm (D:2)
  7 dart slugs
  2 leopard geckos
  25 orcs
  5 giant cockroaches
  6 goblins
  7 hobgoblins
  16 jackals
  5 quokkas
  A ball python (D:2)
  7 bats
  8 frilled lizards
  2 goblin zombies
  3 hobgoblin zombies
  A jackal skeleton (D:4)
  14 kobolds
  A kobold zombie (Ossuary)
  3 orc zombies (Ossuary)
  7 rats
166 creatures vanquished.

Vanquished Creatures (others)
  A kobold (D:7)
1 creature vanquished.

Grand Total: 167 creatures vanquished

Notes
Turn   | Place    | Note
-------+----------+-------------------------------------------
     0 | D:1      | Curus the Draconian Berserker began the quest for the Orb.
     0 | D:1      | Reached XP level 1. HP: 19/19 MP: 1/1
   112 | D:1      | Reached XP level 2. HP: 8/26 MP: 2/2
   588 | D:1      | Reached skill level 4 in Long Blades
   898 | D:2      | Reached ** piety under Trog
   903 | D:2      | Reached XP level 3. HP: 31/31 MP: 3/3
   993 | D:2      | Found Zin's Purification Station.
   995 | D:2      | Found a glowing silver altar of Zin.
  1187 | D:2      | Reached skill level 5 in Long Blades
  1187 | D:2      | Reached XP level 4. HP: 31/38 MP: 4/4
  1826 | D:3      | Reached XP level 5. HP: 43/45 MP: 5/5
  1863 | D:3      | Reached *** piety under Trog
  1939 | D:3      | Reached skill level 6 in Long Blades
  1982 | D:3      | Found a hide-covered altar of Uskayaw.
  2052 | D:3      | Found a sparkling altar of Nemelex Xobeh.
  2384 | D:4      | Reached XP level 6. HP: 50/51 MP: 6/6
  2416 | D:4      | Gained mutation: Your body sometimes deteriorates upon
                  | taking damage. [potion of mutation]
  2416 | D:4      | Gained mutation: You have a pair of small horns on your
                  | head. [potion of mutation]
  2440 | D:4      | Found a sand-covered staircase.
  2447 | Ossuary  | Entered an ossuary
  2486 | Ossuary  | Reached skill level 7 in Long Blades
  3184 | D:4      | Reached **** piety under Trog
  3243 | D:5      | Entered Level 5 of the Dungeon
  3263 | D:5      | Reached skill level 8 in Long Blades
  3263 | D:5      | Your scales start taking on a lurid green colour.
  3263 | D:5      | Reached XP level 7. HP: 57/57 MP: 7/7
  3263 | D:5      | Gained mutation: Your system is resistant to poisons.
                  | (rPois) [Green Draconian growth]
  3630 | D:5      | Reached skill level 9 in Long Blades
  3956 | D:5      | Found a sparkling altar of Nemelex Xobeh.
  3990 | D:5      | Found a glowing golden altar of the Shining One.
  4251 | D:6      | Reached XP level 8. HP: 63/63 MP: 8/8
  4266 | D:6      | Reached skill level 10 in Long Blades
  4272 | D:6      | Found a blossoming altar of Fedhas.
  4273 | D:6      | Found an ancient bone altar of Kikubaaqudgha.
  4708 | D:7      | Found a staircase to the Ecumenical Temple.
  4731 | D:7      | Reached skill level 11 in Long Blades
  4745 | D:7      | Slain by a worker ant

Levels and vault maps discovered:
D:1:      kennysheep_arrival_forest, layout_basic, minivault_26,
          minmay_misc_feat_encased, minmay_3d_cube
D:2:      layout_loops_ring, zin_purify, minmay_hexomino_c4
D:3:      layout_loops_ring, eat_drink_and_be_merry_uskayaw, first_ration,
          nemelex_lonely_heart_becter
D:4:      layout_rooms, serial_glass, glass_columns_b, glass_columns_a,
          nicolae_ossuary_entry_giza, grunt_ministairs_7
D:5:      layout_loops_corners, old_standard_altar, kennysheep_mini
D:6:      layout_rooms, grunt_temple_overflow_growth_and_decay,
          minmay_stone_trees_small
D:7:      layout_rooms, minmay_temple_entry_grid

Skill      XL: |  1  2  3  4  5  6  7  8 |
---------------+-------------------------+-----
Long Blades    | 4 5 6 8 9 11 | 11.1
Fighting       | |  3.2
Dodging        | |  2.6

Action                   |  1- 3 |  4- 6 |  7- 9 || total
-------------------------+-------+-------+-------++-------
Melee: Falchion          |    87 |   213 |    33 ||   333
       Tailslap          |     9 |    22 |    21 ||    52
       Headbutt          |       |    19 |    24 ||    43
       Scimitar          |       |       |    98 ||    98
Invok: Berserk           |       |     1 |     2 ||     3
 Abil: Breathe Noxious F |       |       |     1 ||     1
  Use: Scroll            |     5 |     8 |     3 ||    16
       Potion            |     4 |     8 |     1 ||    13
 Stab: Sleeping          |     3 |     2 |     3 ||     8
       Distracted        |       |     1 |       ||     1
       Confused          |       |       |     1 ||     1
  Eat: Chunk             |     1 |     5 |     5 ||    11
       Ration            |       |     1 |       ||     1
Armor: Skin              |    30 |    44 |    23 ||    97
Dodge: Dodged            |    51 |   124 |    70 ||   245
Block: Other             |       |       |     8 ||     8
       Reflection        |       |       |     1 ||     1
       Rpst.: Falchion   |    14 |    36 |     4 ||    54
       Scimitar          |       |       |    11 ||    11
